 Dungeon Sprint DCSS version 0.17-a0-1691-g18a3847 (webtiles) character file.

970 patman the Formicid Disaster (level 8, 0/58 HPs)
             Began as a Formicid Fighter on Aug 20, 2015.
             Was a Believer of Qazlal.
             Slain by an eight-headed hydra (2 damage)
             ... in the Dungeon (Sprint IX: "|||||||||||||||||||||||||||||").
             The game lasted 00:04:24 (710 turns).

patman the Formicid Disaster (Formicid Fighter)      Turns: 710, Time: 00:04:26

Health: 0/58       AC: 20    Str: 21    XL:     8   Next: 38%
Magic:  20/20      EV:  4    Int:  8    God:    Qazlal [**....]
Gold:   0          SH: 12    Dex: 15    Spells: 0 memorised, 7 levels left

rFire  . . .     SeeInvis +     q - +2 halberd (protect)
rCold  . . .     Clarity  .     h - +0 plate armour
rNeg   . . .     SustAt   .     c - +0 shield
rPois  .         Gourm    .     (helmet unavailable)
rElec  .         Spirit   .     s - +0 cloak
rCorr  .         Warding  .     r - +0 pair of gloves
rMut   .         Stasis   +     (no boots)
MR     .....                    (no amulet)
Stlth  ..........               g - +3 ring of dexterity
                                b - +2 ring of protection

@: very slightly contaminated, invisible, not resistant to hostile enchantments,
extremely unstealthy
A: permanent stasis, dig shafts and tunnels, four strong arms, antennae 3
a: Dig, Upheaval, Renounce Religion


You were in the Dungeon.
You worshipped Qazlal.
Qazlal was pleased with you.
You were not hungry.

You visited 1 branch

Inventory:

Hand weapons
 a - a +0 trident
 q - a +2 halberd of protection (weapon)
Armour
 c - a +0 shield (worn)
 h - a +0 plate armour (worn)
 r - a +0 pair of gloves (worn)
 s - a +0 cloak (worn)
Jewellery
 b - a +2 ring of protection (left hand)
 g - a +3 ring of dexterity (right hand)
Magical devices
 p - a wand of fire (4)
Scrolls
 n - 2 scrolls of amnesia
 o - 3 scrolls of remove curse
Potions
 f - 5 potions of curing
 i - 4 potions of magic
Comestibles
 e - a bread ration
 j - 3 chunks of flesh


   Skills:
 - Level 3.2 Fighting
 - Level 8.0 Polearms
 - Level 3.2 Armour
 - Level 3.6 Shields
 * Level 17.1 Invocations


You had 7 spell levels left.
You didn't know any spells.

Dungeon Overview and Level Annotations

Branches:
Dungeon (1/1)

Altars:
Cheibriados
Dithmenos
Elyvilon
Fedhas
Gozag
Kikubaaqudgha
Makhleb
Nemelex Xobeh
Okawaru
Qazlal
Ru
Sif Muna
Trog
Vehumet
Xom
Yredelemnul
Zin
The Shining One
Beogh
Jiyva
Lugonu


Innate Abilities, Weirdness & Mutations

You are under a permanent stasis effect.
You can dig through walls and to a lower floor.
Your four strong arms can wield two-handed weapons with a shield.
You have a pair of large antennae on your head (SInv).


Message History

There is a sparkling altar of Nemelex Xobeh here.
There is a bloodstained altar of Trog here.
There is a deep blue altar of Sif Muna here.
There is a burning altar of Makhleb here.
There is an iron altar of Okawaru here.
There is a radiant altar of Vehumet here.
There is a shimmering altar of Xom here.
There is a basalt altar of Yredelemnul here.
There is an ancient bone altar of Kikubaaqudgha here.
There is a glowing golden altar of the Shining One here.
There is a glowing silver altar of Zin here.
There is an open door to the Temple here.
The eight-headed hydra completely misses you.
The eight-headed hydra bites you but does no damage. x2
The eight-headed hydra bites you!
* * * LOW HITPOINT WARNING * * *
You block the eight-headed hydra's attack.
The eight-headed hydra bites you but does no damage.
The eight-headed hydra bites you.
You die... { { {{{{{{{{{ ▓▓▓▓▓▓▓▓▓▓▓▓▓▓▓▓▓▓▓▓▓▓▓▓▓▓▓▓▓▓▓▓▓ _________K_____D@....).....)....< ▓▓▓▓▓▓▓▓▓▓▓▓▓▓▓▓▓▓▓▓▓▓▓▓▓▓▓▓▓▓▓▓▓

You could see an eight-headed hydra and a big kobold.

Vanquished Creatures
  An ugly thing (D)
  A trapdoor spider (D)
  A hippogriff (D)
  An orc warrior (D)
  A big kobold (D)
  A gnoll shaman (D)
  A hound (D)
  2 worker ants (D)
  An adder skeleton (D)
  A giant gecko (D)
  3 giant cockroaches (D)
  A kobold (D)
  2 rats (D)
17 creatures vanquished.

Notes
Turn   | Place    | Note
--------------------------------------------------------------
     0 | D        | patman the Formicid Fighter began the quest for the Orb.
     0 | D        | Reached XP level 1. HP: 18/18 MP: 1/1
    15 | D        | Reached skill level 4 in Polearms
    42 | D        | Noticed a worker ant
    42 | D        | Noticed a gnoll shaman
    48 | D        | Reached XP level 2. HP: 24/24 MP: 2/2
    59 | D        | Killed a gnoll shaman
    59 | D        | Reached skill level 6 in Polearms
    59 | D        | Reached XP level 3. HP: 8/29 MP: 3/3
   234 | D        | Reached skill level 7 in Polearms
   245 | D        | Killed a worker ant
   245 | D        | Reached skill level 8 in Polearms
   245 | D        | Reached XP level 4. HP: 14/35 MP: 4/4
   265 | D        | Found a glowing silver altar of Zin.
   265 | D        | Found a glowing golden altar of the Shining One.
   265 | D        | Found an ancient bone altar of Kikubaaqudgha.
   265 | D        | Found a basalt altar of Yredelemnul.
   265 | D        | Found a shimmering altar of Xom.
   265 | D        | Found a radiant altar of Vehumet.
   266 | D        | Found an iron altar of Okawaru.
   267 | D        | Found a burning altar of Makhleb.
   268 | D        | Found a deep blue altar of Sif Muna.
   269 | D        | Found a bloodstained altar of Trog.
   270 | D        | Found a sparkling altar of Nemelex Xobeh.
   271 | D        | Found a white marble altar of Elyvilon.
   272 | D        | Found a roughly hewn altar of Beogh.
   273 | D        | Found a viscous altar of Jiyva.
   274 | D        | Found a corrupted altar of Lugonu.
   275 | D        | Found a blossoming altar of Fedhas.
   276 | D        | Found a snail-covered altar of Cheibriados.
   277 | D        | Found a shadowy altar of Dithmenos.
   278 | D        | Found a stormy altar of Qazlal.
   279 | D        | Found an opulent altar of Gozag.
   280 | D        | Found a sacrificial altar of Ru.
   286 | D        | Became a worshipper of Qazlal Stormbringer
   483 | D        | Noticed a worker ant
   483 | D        | Noticed a big kobold
   483 | D        | Noticed a hound
   483 | D        | Noticed an orc warrior
   483 | D        | Noticed a hippogriff
   483 | D        | Noticed a trapdoor spider
   492 | D        | Killed a trapdoor spider
   492 | D        | Reached skill level 10 in Invocations
   492 | D        | Reached XP level 5. HP: 30/41 MP: 4/12
   492 | D        | Reached XP level 6. HP: 34/47 MP: 4/13
   500 | D        | HP: 2/47 [hippogriff (3)]
   502 | D        | Killed a hippogriff
   502 | D        | Reached skill level 12 in Invocations
   502 | D        | Killed a hound
   502 | D        | Acquired Qazlal's first power
   502 | D        | Reached skill level 13 in Invocations
   502 | D        | Reached XP level 7. HP: 25/52 MP: 5/17
   502 | D        | Killed a big kobold
   503 | D        | Killed an orc warrior
   503 | D        | Reached skill level 14 in Invocations
   504 | D        | Killed a worker ant
   504 | D        | Acquired Qazlal's second power
   659 | D        | Noticed an eight-headed hydra
   659 | D        | Noticed a centaur
   659 | D        | Noticed a wight
   659 | D        | Noticed a vampire mosquito
   659 | D        | Noticed a big kobold
   659 | D        | Noticed a red ugly thing
   674 | D        | Killed a red ugly thing
   674 | D        | Reached skill level 17 in Invocations
   674 | D        | Reached XP level 8. HP: 5/58 MP: 17/20
   710 | D        | HP: 2/58 [eight-headed hydra (8)]
   710 | D        | Slain by an eight-headed hydra

Vault maps used:
D:        linesprint

Action                   |  1- 3 |  4- 6 |  7- 9 || total
-------------------------+-------+-------+-------++-------
Melee: Trident           |    41 |     1 |       ||    42
       Halberd           |       |    14 |    11 ||    25
Evoke: Wand              |       |     1 |     2 ||     3
  Use: Potion            |     1 |     2 |     2 ||     5
